 Dungeon Crawl Stone Soup version 0.21.1-1-g345015f (webtiles) character file.

1018 shakethe the Skirmisher (level 8, -3/64 HPs)
             Began as a Demonspawn Fighter on Feb 21, 2018.
             Slain by Britaniac's ghost (10 damage)
             ... on level 4 of the Dungeon.
             The game lasted 00:09:05 (5413 turns).

shakethe the Skirmisher (Demonspawn Fighter)        Turns: 5413, Time: 00:09:06

Health: -3/64      AC:  9    Str: 17    XL:     8   Next: 2%
Magic:  8/8        EV:  7    Int: 11    God:
Gold:   240        SH: 14    Dex: 13    Spells: 7/7 levels left

rFire    + . .     SeeInvis .   a - +0 war axe
rCold    + + .     Gourm    .   c - +0 shield
rNeg     . . .     Faith    .   b - +0 scale mail
rPois    .         Spirit   .   i - +2 hat
rElec    .         Reflect  .   j - scarf {rC+ rF+}
rCorr    .         Harm     .   (no gloves)
MR       .....                  (no boots)
Stlth    ..........             (no amulet)
HPRegen  0.20/turn              (no ring)
MPRegen  0.11/turn              (no ring)

@: no status effects
A: horns 2, large bone plates 2, cold resistance 1
a: no special abilities


You were on level 4 of the Dungeon.
You were near starving.

You visited 2 branches of the dungeon, and saw 8 of its levels.

You collected 240 gold pieces.

Inventory:

Hand Weapons
 a - a +0 war axe (weapon)
 s - a +1 battleaxe of flaming
   (You found it on level 2 of the Dungeon)
 u - a +2 mace of protection
   (You took it off a kobold on level 2 of the Dungeon)
Armour
 b - a +0 scale mail (worn)
 c - a +0 shield (worn)
 h - a +1 pair of gloves
   (You found it on level 1 of the Dungeon)
 i - a +2 hat (worn)
   (You found it on level 1 of the Dungeon)
 j - a scarf of resistance (worn)
   (You found it on level 1 of the Dungeon)
Wands
 v - a wand of digging (11)
   (You took it off Dowan on level 4 of the Dungeon)
 z - a wand of flame (29)
   (You took it off Duvessa on level 4 of the Dungeon)
Scrolls
 e - 3 scrolls of identify {unknown}
 g - 2 scrolls of fog {unknown}
 k - a scroll of remove curse {unknown}
 l - 5 scrolls of amnesia {unknown}
 n - 2 scrolls of teleportation {unknown}
 p - 5 scrolls of immolation {unknown}
 q - 2 scrolls of random uselessness {unknown}
 y - 2 scrolls of magic mapping {unknown}
 E - a scroll of blinking {unknown}
Potions
 d - a potion of might
 m - 2 potions of degeneration {unknown}
 o - a potion of mutation {unknown}
 r - a potion of berserk rage {unknown}
 t - a potion of heal wounds {unknown}
 w - a potion of invisibility {unknown}
 x - 2 potions of brilliance {unknown}
 A - a potion of magic {unknown}
 C - a potion of curing
 F - a potion of resistance
Books
 B - a book of Cantrips
   (You found it on level 4 of the Dungeon)
Comestibles
 f - 4 rations


   Skills:
 + Level 6.1 Fighting
 + Level 5.1 Axes
 + Level 5.6 Armour
 - Level 2.6 Shields


You had 7 spell levels left.
You didn't know any spells.

Dungeon Overview and Level Annotations

Branches:
Dungeon (7/15)             Temple (1/1) D:5

Altars:
Ashenzari
Cheibriados
Elyvilon
Fedhas
Hepliaklqana
Makhleb
Nemelex Xobeh
Qazlal
Ru
Sif Muna
Uskayaw
Wu Jian
Xom
Yredelemnul

Annotations:
D:4 Britaniac's ghost, novice HOFi
D:5 2 runed doors, Prince Ribbit


Innate Abilities, Weirdness & Mutations

You have a pair of horns on your head.
You are mostly covered in large bone plates. (SH +6)
Your flesh is cold resistant. (rC+)


Message History

You are poisoned.
The worker ant poisons you!
You take 4 damage, and have 42/58 hp.
You hit the worker ant.
You feel sick. The worker ant barely misses you.
You block the worker ant's attack.
You take 1 damage, and have 41/58 hp.
You slash the worker ant!
You kill the worker ant!
You have reached level 8!
You feel agile.
You feel sick.
You regained 4 hp, and now have 45/64 hp.
MP restored: 8 You feel sick.
You take 1 damage, and have 44/64 hp.
You feel sick.
You take 1 damage, and have 43/64 hp.
You feel sick.
You take 1 damage, and have 43/64 hp.
You feel sick.
You take 1 damage, and have 42/64 hp.
You feel sick.
You take 1 damage, and have 42/64 hp.
You feel sick.
You take 1 damage, and have 42/64 hp.
You are feeling very hungry.
You feel sick.
There is a stone staircase leading up here.
You climb upwards.
Level annotation: Britaniac's ghost, novice HOFi
There is a stone staircase leading down here.
You start resting.
You feel sick.
You are no longer poisoned.
You take 1 damage, and have 41/64 hp.
You start resting.
Health restored: 64
There is a stone staircase leading down here.
There is an open door here.
You see here a chain mail.
Britaniac's ghost turns its malevolent gaze towards you.
You block Britaniac's ghost's attack.
You hit Britaniac's ghost.
You headbutt Britaniac's ghost, but do no damage.
Britaniac's ghost hits you but does no damage.
Britaniac's ghost hits you.
You take 4 damage, and have 60/64 hp.
You slash Britaniac's ghost! You block Britaniac's ghost's attack.
Your shield and scale mail prevent you from hitting Britaniac's ghost.
You block Britaniac's ghost's attack. Britaniac's ghost hits you!
You take 16 damage, and have 44/64 hp.
MASSIVE DAMAGE!!
You hit Britaniac's ghost but do no damage.
You headbutt Britaniac's ghost, but do no damage.
Britaniac's ghost closely misses you.
You hit Britaniac's ghost but do no damage.
Britaniac's ghost hits you but does no damage.
You slash Britaniac's ghost! Your headbutt misses Britaniac's ghost.
You block Britaniac's ghost's attack.
You are near starving!
You hit Britaniac's ghost.
You block Britaniac's ghost's attack. x2
You hit Britaniac's ghost.
Britaniac's ghost wails.
Britaniac's ghost hits you but does no damage.
You hit Britaniac's ghost but do no damage.
You block Britaniac's ghost's attack.
You slash Britaniac's ghost!
Britaniac's ghost hits you but does no damage.
Britaniac's ghost whispers, "The ORB doesn't exist."
Britaniac's ghost completely misses you.
You hit Britaniac's ghost but do no damage.
You block Britaniac's ghost's attack.
You slash Britaniac's ghost! Britaniac's ghost hits you!
You take 12 damage, and have 35/64 hp.
You hit Britaniac's ghost.
You block Britaniac's ghost's attack. x2
You hit Britaniac's ghost but do no damage.
You headbutt Britaniac's ghost, but do no damage.
You block Britaniac's ghost's attack.
You barely miss Britaniac's ghost. You headbutt Britaniac's ghost.
You block Britaniac's ghost's attack.
You hit Britaniac's ghost. Britaniac's ghost hits you.
Britaniac's ghost hits you!
You take 11 damage, and have 25/64 hp.
You hit Britaniac's ghost but do no damage.
You headbutt Britaniac's ghost, but do no damage.
Britaniac's ghost barely misses you.
You slash Britaniac's ghost!
You headbutt Britaniac's ghost, but do no damage.
Britaniac's ghost hits you.
* * * LOW HITPOINT WARNING * * *
You take 6 damage, and have 19/64 hp.
You barely miss Britaniac's ghost.
You headbutt Britaniac's ghost, but do no damage.
Britaniac's ghost whispers, "There is no future for you."
You block Britaniac's ghost's attack. Britaniac's ghost hits you!
* * * LOW HITPOINT WARNING * * *
You take 12 damage, and have 7/64 hp.
Your shield and scale mail prevent you from hitting Britaniac's ghost.
Britaniac's ghost hits you!
You die...

.##.#.###..##.#...#.........#.#.#
....#.........#......#####..#.#.#
.####...##.####......#...#..#.#.#
....'................#((.#....#.#
..###...##..#####'#..#####..#.#..
..#.....'.......#.#.........#....
..#.....###.##.##.#...._....#....
..[.#........#.##.#.......#......
.<..[..........W@................
..#'###.##......#.#..###...['....
............)........# #.####....
..#................#.# #.# #....
...##............##..# #.# #....
...#.#..........#.#..# #.# ##.##
....#.##......##.#...# #.# #.#.
.....##.#....#.##....# #.# #.#.
.....#.#.####.#.#....###.#####.#.


You could see Britaniac's ghost.

Vanquished Creatures
  Eustachio (D:5)
  Duvessa (D:4)
  A phantom (D:4)
  A centaur (D:6)
  Dowan (D:4)
  A howler monkey (D:5)
  A crimson imp (D:5)
  A centaur skeleton (D:4)
  2 hounds
  A centaur zombie (D:5)
  An orc priest (D:3)
  A bullfrog skeleton (D:4)
  2 worker ants
  A hound skeleton (D:5)
  7 adders
  3 gnolls (D:2)
  A howler monkey skeleton (D:4)
  3 oozes
  2 adder skeletons
  2 worms
  9 dart slugs
  4 leopard geckos
  7 orcs (D:3)
  6 giant cockroaches
  8 goblins
  9 hobgoblins
  8 jackals
  11 kobolds
  2 quokkas
  12 bats
  4 frilled lizards
  9 rats
123 creatures vanquished.

Notes
Turn   | Place    | Note
-------+----------+-------------------------------------------
     0 | D:1      | shakethe the Demonspawn Fighter began the quest for the Orb.
     0 | D:1      | Reached XP level 1. HP: 18/18 MP: 1/1
   238 | D:1      | Reached skill level 2 in Axes
   272 | D:1      | Gained mutation: Your flesh is cold resistant. (rC+) [demonic ancestry]
   272 | D:1      | Reached XP level 2. HP: 23/24 MP: 2/2
   330 | D:1      | Reached skill level 3 in Armour
   651 | D:1      | Gained mutation: You are partially covered in large bone plates. (SH +4) [demonic ancestry]
   651 | D:1      | Reached XP level 3. HP: 28/29 MP: 3/3
  1015 | D:2      | Found a snail-covered altar of Cheibriados.
  1168 | D:2      | Gained mutation: You have a pair of small horns on your head. [demonic ancestry]
  1168 | D:2      | Reached XP level 4. HP: 37/37 MP: 4/4
  1650 | D:3      | Reached skill level 4 in Fighting
  1656 | D:3      | Reached skill level 3 in Axes
  1716 | D:3      | Found a white marble altar of Elyvilon.
  1719 | D:3      | Gained mutation: You have a pair of horns on your head. [demonic ancestry]
  1719 | D:3      | Reached XP level 5. HP: 42/42 MP: 5/5
  1755 | D:3      | Reached skill level 4 in Armour
  2658 | D:4      | Noticed Duvessa
  2661 | D:4      | Noticed Dowan
  2670 | D:4      | Killed Duvessa
  2670 | D:4      | Reached XP level 6. HP: 35/49 MP: 6/6
  2680 | D:4      | Killed Dowan
  2886 | D:4      | Noticed Britaniac's ghost (novice HOFi)
  3117 | D:4      | Reached skill level 4 in Axes
  3345 | D:4      | Found a hide-covered altar of Uskayaw.
  3345 | D:4      | Noticed a dagger
  3345 | D:4      | Noticed an enchanted hand axe
  3368 | D:4      | Reached skill level 5 in Fighting
  3961 | D:4      | Found a shimmering altar of Xom.
  4141 | D:4      | Gained mutation: You are mostly covered in large bone plates. (SH +6) [demonic ancestry]
  4141 | D:4      | Reached XP level 7. HP: 49/56 MP: 7/7
  4226 | D:4      | You fall through a shaft for 3 floors!
  4240 | D:6      | Reached skill level 5 in Armour
  4252 | D:5      | Entered Level 5 of the Dungeon
  4492 | D:5      | Found a staircase to the Ecumenical Temple.
  4502 | D:5      | Noticed Eustachio
  4506 | Temple   | Entered the Ecumenical Temple
  4771 | D:5      | Killed Eustachio
  4808 | D:5      | Reached skill level 5 in Axes
  4817 | D:5      | Noticed Prince Ribbit
  4842 | D:5      | Reached skill level 6 in Fighting
  4932 | D:5      | Found a runed door.
  4955 | D:5      | Found a runed door.
  5134 | D:5      | Noticed a two-headed ogre
  5214 | D:5      | Reached XP level 8. HP: 45/64 MP: 8/8
  5412 | D:4      | HP: 7/64 [Britaniac's ghost (13)]
  5413 | D:4      | Slain by Britaniac's ghost

Skill      XL: |  1  2  3  4  5  6  7 |
---------------+----------------------+-----
Axes           | 2 3 4 5 |  5.1
Armour         | 3 4 5 |  5.6
Fighting       | 4 5 6 |  6.1
Shields        | |  2.6

Action                   |  1- 3 |  4- 6 |  7- 9 || total
-------------------------+-------+-------+-------++-------
Melee: War axe           |   110 |   190 |    88 ||   388
       Headbutt          |       |    33 |    24 ||    57
  Use: Potion            |       |       |     1 ||     1
  Eat: Chunk             |     1 |     7 |     2 ||    10
       Ration            |       |     1 |       ||     1
Armor: Scale mail        |    60 |    84 |    23 ||   167
Dodge: Dodged            |    33 |    52 |    23 ||   108
Block: Shield            |    66 |   145 |    73 ||   284

Vault maps used:
D:1:      dpeg_arrival_more_subterranean_lakeside_camping
D:2:      lemuel_crystal_altar, first_ration
D:3:      kennysheep_slugbush, elyvilon_altar_5
D:4:      dancing_weapons_uskayaw, nicolae_overflow_hidden_temple,
          minmay_misc_feat_secret_circle, uniq_duvessa
D:5:      lemuel_insect_pit, overflow_temple_1_default, temple_green,
          uniq_prince_ribbit1, uniq_crazy_yiuf_cottage, uniq_eustachio
D:6:      old_standard_altar, serial_shops, nicolae_shop_window_shopping,
          nicolae_gozag_seed_capital
D:7:      kennysheep_little_box, led_sif_book, uniq_menkaure
Temple:   nicolae_temple_figure_eight

Table legend:
 A = Turns spent in this place as a percentage of turns spent in the entire game.
 B = Non-inter-level travel turns spent in this place as a percentage of non-inter-level travel turns spent in the entire game.
 C = Inter-level travel turns spent in this place as a percentage of turns spent in this place.
 D = Turns resting spent in this place as a percentage of non-inter-level travel turns spent in this place.
 E = Turns spent auto-exploring this place as a percentage of non-inter-level travel turns spent in this place.
 F = Non-inter-level travel turns spent in this place divided by the number of levels of this place that you've seen.
                   A       B       C       D       E      F
               +-------+-------+-------+-------+-------+----------------------
         Total | 100.0 | 100.0 |   5.7 |  19.5 |  49.8 | 638.0
       Dungeon |  95.2 |  95.1 |   5.8 |  20.5 |  49.5 | 693.3
        Temple |   4.8 |   4.9 |   3.8 |   0.0 |  55.8 | 251.0
               +-------+-------+-------+-------+-------+----------------------

Table legend:
 A = Kills in this place as a percentage of kills in entire the game.
 B = Kills by you in this place as a percentage of kills by you in the entire game.
 C = Kills by friends in this place as a percentage of kills by friends in the entire game.
 D = Other kills in this place as a percentage of other kills in the entire game.
 E = Experience gained in this place as a percentage of experience gained in the entire game.
 F = Experience gained in this place divided by the number of levels of this place that you have seen.
                   A       B       C       D       E      F
               +-------+-------+-------+-------+-------+----------------------
         Total | 100.0 | 100.0 |   N/A |   N/A | 100.0 | 181.9
       Dungeon | 100.0 | 100.0 |   N/A |   N/A | 100.0 | 207.9
               +-------+-------+-------+-------+-------+----------------------
